 Dungeon Crawl Stone Soup version 0.29-a0-541-gaf1fc19f1b (webtiles) character file.

Game seed: 16534220583565394446

187 MeArio the Shield-Bearer (level 5, -1/47 HPs)
             Began as a Minotaur Fighter on June 2, 2022.
             Succumbed to a hornet's poison
             ... on level 3 of the Dungeon.
             The game lasted 00:03:39 (2315 turns).

MeArio the Shield-Bearer (Minotaur Fighter)         Turns: 2315, Time: 00:03:40

Health: -1/47      AC: 12    Str: 23    XL:     5   Next: 39%
Magic:  4/4        EV:  7    Int:  5    God:
Gold:   138        SH:  4    Dex:  9    Spells: 4/4 levels left

rFire   . . .      SeeInvis .   a - +0 war axe
rCold   . . .      Faith    .   c - +0 buckler
rNeg    . . .      Spirit   .   f - +0 chain mail
rPois   .          Reflect  .   e - +1 hat
rElec   .          Harm     .   (no cloak)
rCorr   .          Rampage  .   (no gloves)
Will    .....                   l - +1 pair of boots
Stlth   ..........              (no amulet)
HPRegen 0.15/turn               (no ring)
MPRegen 0.09/turn               (no ring)

@: lethally poisoned (-1 -> -12), hasted and slowed
A: horns 2, retaliatory headbutt
a: no special abilities


You were on level 3 of the Dungeon.
You visited 1 branch of the dungeon, and saw 4 of its levels.

You collected 138 gold pieces.

Inventory:

Hand Weapons
 a - a +0 war axe (weapon)
Armour
 b - a +0 scale mail
 c - a +0 buckler (worn)
 e - a +1 hat (worn)
 f - a +0 chain mail (worn)
 l - a +1 pair of boots (worn)
Jewellery
 n - an amulet of faith
Scrolls
 g - 11 scrolls of identify {unknown}
 j - a scroll of blinking {unknown}
 m - a scroll of fog {unknown}
 p - a scroll of fear {unknown}
 q - 3 scrolls of enchant armour {unknown}
 r - 2 scrolls of poison {unknown}
 t - a scroll of teleportation {unknown}
 u - 2 scrolls of amnesia {unknown}
Potions
 d - 2 potions of might
 i - a potion of attraction {unknown}
 k - 3 potions of heal wounds {unknown}
 o - a potion of curing {unknown}
 s - a potion of degeneration {unknown}
 v - 2 potions of lignification {unknown}
 w - a potion of mutation {unknown}


   Skills:
 + Level 4.8 Fighting
 + Level 4.0 Axes
 + Level 4.8 Armour
 + Level 4.8 Shields


You had 4 spell levels left.
You didn't know any spells.
Your spell library contained the following spells:

 Spells                   Type           Power      Damage    Failure   Level
 Sandblast                Erth           0%         2d4       99%         1
 Slow                     Hex            0%         N/A       99%         1
 Passwall                 Tmut/Erth      0%         N/A       100%        2
 Confusing Touch          Hex            0%         N/A       100%        3
 Stone Arrow              Conj/Erth      0%         3d7       100%        3
 Vampiric Draining        Necr           0%         2d6       100%        3


Dungeon Overview and Level Annotations

Branches:
Dungeon (4/15)
 Temple: D:4-7

Altars:
Sif Muna
Vehumet
Zin

Shops:
D:3 [

Annotations:
D:4 Ijyb


Innate Abilities, Weirdness & Mutations

You have a pair of horns on your head.
You reflexively headbutt those who attack you in melee.


Message History

You block the hornet's attack. The hornet closely misses you.
The necrophage hits you but does no damage.
The hornet stings you!
You suddenly lose the ability to move!
The necrophage hits you.
You can move again.
You closely miss the hornet.
You headbutt the hornet, but do no damage.
The hornet is lightly wounded.
You slash the necrophage!
The hornet stings you but does no damage.
The necrophage hits you but does no damage.
The hornet stings you but does no damage.
You barely miss the hornet. Your headbutt misses the hornet.
The hornet is lightly wounded.
You closely miss the necrophage.
The hornet stings you but does no damage.
The necrophage hits you but does no damage.
The hornet stings you but does no damage.
You block the necrophage's attack.
You closely miss the hornet.
The hornet is lightly wounded.
You slash the necrophage! The hornet stings you.
You feel yourself slow down. The hornet stings you!
You suddenly lose the ability to move!
The necrophage hits you.
You can move again.
You closely miss the hornet. Your headbutt misses the hornet.
The hornet is lightly wounded.
You closely miss the necrophage.
You feel yourself speed up.
The hornet stings you but does no damage. x2
The necrophage completely misses you. The hornet stings you!
* * * LOW HITPOINT WARNING * * *
You feel yourself slow down. The necrophage closely misses you.
The hornet stings you but does no damage.
You block the necrophage's attack. The hornet stings you.
* * * LOW HITPOINT WARNING * * *
You are lethally poisoned!
You feel as though you will be slow longer.
It was a potion of haste.
You feel yourself speed up.
You die...

###### #.# #.....# ##≈.
######## #.# #.....#
#≈#. ...§§..# #.#
##...## ##..⌠ ._.≈._.#
#># #.....###≈.§≈
.§.≈...###.#
#.......##..#
#######'...#######
#.....###..≈≈
#####......#
##......###.. #.####.#
#.....###.##
#.#.##@######..#..#####
#.....yn..........#..#.
#.#.##.######..####....
#.#.##.# #..#####.#.
#......# ###........#.
###.#### #.....######.
###.##### #.....# #.
#.......# #.....# ##
#.##.##.# #.....# #


You could see a hornet and a necrophage.

Vanquished Creatures
  The ghost of blade888 the Chiller, an amateur OpIE (D:3)
  An adder (D:2)
  A dart slug (D:1)
  3 orcs (D:3)
  4 endoplasms
  2 giant cockroaches
  5 goblins
  6 hobgoblins
  4 jackals
  6 kobolds
  3 quokkas
  8 ball pythons
  9 bats
  3 frilled lizards (D:1)
  4 rats
60 creatures vanquished.

Notes
Turn   | Place    | Note
-------+----------+-------------------------------------------
     0 | D:1      | MeArio the Minotaur Fighter began the quest for the Orb.
     0 | D:1      | Reached XP level 1. HP: 19/19 MP: 0/0
   200 | D:1      | Reached XP level 2. HP: 27/27 MP: 1/1
   423 | D:1      | Found a faded altar of an unknown god.
   681 | D:2      | Reached XP level 3. HP: 33/33 MP: 2/2
  1436 | D:3      | Reached XP level 4. HP: 38/40 MP: 3/3
  1460 | D:3      | Found a glowing silver altar of Zin.
  1476 | D:3      | Found a large runed translucent door.
  1476 | D:3      | Found a large runed translucent door.
  1858 | D:3      | Found a shimmering blue altar of Sif Muna.
  1858 | D:3      | Found a radiant altar of Vehumet.
  2002 | D:3      | Found Idugisar's Armour Shop.
  2070 | D:3      | Noticed blade888's ghost (amateur OpIE)
  2130 | D:3      | Killed blade888's ghost
  2131 | D:3      | Reached XP level 5. HP: 27/47 MP: 4/4
  2304 | D:4      | Noticed Ijyb
  2304 | D:4      | Noticed a hornet
  2309 | D:3      | Paralysed by a hornet for 1 turns
  2312 | D:3      | Paralysed by a hornet for 1 turns
  2315 | D:3      | Succumbed to a hornet's poison

Illustrated notes

Levels and vault maps discovered:
D:1:      minmay_arrival_jagged, layout_basic,
          hellmonk_ecumenical_altar_run_dry, minmay_distorted
D:2:      layout_loops_cross
D:3:      layout_loops_cross, zin_statuary, mainiacjoe_overflow_divided_tiny,
          serial_shops, nicolae_shop_window_shopping,
          ebering_ghost_disaster_area
D:4:      wad_river_or_something, layout_loops_ring,
          mainiacjoe_overflow_boulevard, ebering_ghost_sewer_d,
          grunt_ministairs_14, nicolae_stop_n_shop_2, minmay_mini_jars,
          uniq_ijyb

Skill      XL: |  1  2  3  4 |
---------------+-------------+-----
Fighting       | 4 |  4.8
Armour         | 4 |  4.8
Shields        | 4 |  4.8
Axes           | 3 4 |  4.0

Action                   |  1- 3 |  4- 6 || total
-------------------------+-------+-------++-------
Melee: War axe           |   109 |    35 ||   144
       Headbutt          |     6 |     3 ||     9
  Use: Potion            |       |     1 ||     1
Armor: Scale mail        |     7 |       ||     7
       Chain mail        |    59 |    27 ||    86
Dodge: Dodged            |    46 |    15 ||    61
Block: Buckler           |    30 |     8 ||    38

Table legend: (Time is in decaauts)
 A = Elapsed time spent in this place.
 B = Non-inter-level travel time spent in this place.
 C = Inter-level travel time spent in this place.
 D = Time resting spent in this place.
 E = Time spent auto-exploring this place.
 F = Levels seen in this place.
 G = Mean time per level.
                   A        B        C        D        E       F      G
               +--------+--------+--------+--------+--------+-----+--------+
         Total |   2373 |   2294 |     79 |      0 |   1774 |   4 |  593.2 |
       Dungeon |   2373 |   2294 |     79 |      0 |   1774 |   4 |  593.2 |
               +--------+--------+--------+--------+--------+-----+--------+

Top non-repeatable levels by time:
     D:3: 949 daAuts
     D:2: 726 daAuts
     D:1: 695 daAuts
     D:4: 1 daAuts
